 Dungeon Crawl Stone Soup version 0.18.1-6-gd335043 (webtiles) character file.

112 HungrySpirit the Insei (level 4, -2/28 HPs)
             Began as an Octopode Transmuter on May 18, 2016.
             Slain by a gnoll
             ... wielding a +0 spear
              (10 damage)
             ... on level 2 of the Dungeon.
             The game lasted 00:04:37 (3913 turns).

HungrySpirit the Insei (Octopode Transmuter)        Turns: 3913, Time: 00:04:37

Health: -2/28      AC:  1    Str:  9    XL:     4   Next: 93%
Magic:  6/7        EV: 12    Int: 15    God:
Gold:   123        SH:  0    Dex: 13    Spells: 3 memorised, 1 level left

rFire  . . .     SeeInvis .       - Unarmed
rCold  . . .     Gourm    .     (no shield)
rNeg   . . .     Faith    .     (helmet restricted)
rPois  +         Spirit   .     (no amulet)
rElec  .         Dismiss  .     n - ring of poison resistance
rCorr  .         Reflect  .     (no ring)
SustAt .         Harm     .     (no ring)
MR     .....                    (no ring)
Stlth  ++........               (no ring)
                                (no ring)
                                (no ring)
                                (no ring)

@: appendage (expiring), not resistant to hostile enchantments, unstealthy
A: almost no armour, amphibious, 8 rings, constrict 8, tentacle spike 3,
camouflage 1, gelatinous body 1
a: End Transformation


You were on level 2 of the Dungeon.
You were hungry.
One of your tentacles had a temporary spike.
You visited 1 branch of the dungeon, and saw 3 of its levels.

You collected 123 gold pieces.

Inventory:

Missiles
 a - 8 arrows
Jewellery
 n - a ring of poison resistance (left tentacle)
Scrolls
 d - 2 scrolls of identify {unknown}
 e - a scroll of enchant armour {unknown}
 h - a scroll of amnesia {unknown}
Potions
 g - a potion of flight {unknown}
 i - a potion of might {unknown}
 j - a potion of curing
 l - a potion of degeneration {unknown}
Books
 b - a book of Changes

   Spells                             Type                      Level
   a - Beastly Appendage              Transmutation                1
   b - Sticks to Snakes               Transmutation                2
   c - Spider Form                    Transmutation/Poison         3
   d - Ice Form                       Ice/Transmutation            4
   e - Blade Hands                    Transmutation                5
Comestibles
 c - 2 bread rations
 f - a royal jelly


   Skills:
 - Level 1.0 Fighting
 - Level 2.0 Dodging
 + Level 4.2 Unarmed Combat
 - Level 2.0 Spellcasting
 * Level 3.9 Transmutations


You had one spell level left.
You knew the following spells:

 Your Spells              Type           Power        Failure   Level  Hunger
a - Beastly Appendage     Trmt           ##....       6%          1    #......
b - Sticks to Snakes      Trmt           ##......     10%         2    ###....
c - Spider Form           Trmt/Pois      #.........   34%         3    ###....


Dungeon Overview and Level Annotations

Branches:
Dungeon (3/15)

Altars:
Ashenzari
Pakellas

Annotations:
D:3 seren's ghost, amateur DEWz


Innate Abilities, Weirdness & Mutations

You cannot wear most types of armour.
You are amphibious.
You can wear up to eight rings at the same time.
You can use your tentacles to constrict eight enemies at once.
Your skin changes colour to match your surroundings (Stealth).
Your rubbery body absorbs attacks (AC +1).
One of your tentacles bears a large vicious spike.


Message History

You tentacle-slap the hobgoblin.
You kill the hobgoblin!
There is a stone staircase leading down here.
You see here a club.
There isn't anything to butcher here.
Casting: Sticks to Snakes
Confirm with . or Enter, or press ? or * to list all spells.
One of your tentacles grows a vicious spike.
You climb downwards.
The gnoll hits you with a spear!
There is a stone staircase leading up here.
You closely miss the gnoll. Your grab misses the gnoll.
You are feeling hungry.
The gnoll hits you with a spear.
* * * LOW HITPOINT WARNING * * *
You tentacle-slap the gnoll. Your grab misses the gnoll.
You pierce the gnoll, but do no damage.
Your squeeze misses the gnoll.
The gnoll is moderately wounded.
Your transformation is almost over.
The gnoll hits you with a spear!
You die...

#..######.....#### ##.##
#.## ##....#_≈# #.# #.#
##...#.#### #.# #.#
##'##.'..# #.# #g#
#.##.##.# #.# #.# #####
#.##_≈#.###.# #.# #...#
##.#####.....#
###.###.#.###.g.###.######
#.......().....@....#
#.#...#...#.#...#####
#.#.......#.##.##
#.##..#...#.####
#.....#####.#
####.######.# #........#
##########


You could see a gnoll.

Vanquished Creatures
  4 adders
  3 giant geckos
  An orc (D:2)
  2 bat zombies (D:1)
  4 giant cockroaches
  8 goblins
  11 hobgoblins
  5 jackals
  A quokka (D:2)
  7 bats
  A giant newt (D:1)
  12 kobolds
  6 rats
65 creatures vanquished.

Notes
Turn   | Place    | Note
--------------------------------------------------------------
     0 | D:1      | HungrySpirit the Octopode Transmuter began the quest for the Orb.
     0 | D:1      | Reached XP level 1. HP: 13/13 MP: 3/3
   157 | D:1      | Reached XP level 2. HP: 18/18 MP: 5/5
   168 | D:1      | Learned a level 2 spell: Sticks to Snakes
   966 | D:1      | Reached XP level 3. HP: 22/23 MP: 4/6
  1530 | D:1      | Learned a level 3 spell: Spider Form
  1885 | D:2      | Reached skill level 4 in Unarmed Combat
  1885 | D:2      | Reached XP level 4. HP: 28/28 MP: 5/7
  2117 | D:2      | Found an oddly glowing altar of Pakellas.
  2117 | D:2      | Found a shattered altar of Ashenzari.
  2921 | D:3      | Noticed seren's ghost (amateur DEWz)
  3913 | D:2      | Slain by a gnoll

Skill      XL: |  1  2  3 |
---------------+----------+-----
Transmutations | 3 |  3.9
Unarmed Combat | 4 |  4.2
Fighting       | |  1.0
Dodging        | |  2.0
Spellcasting   | |  2.0

Action                   |  1- 3 |  4- 6 || total
-------------------------+-------+-------++-------
Melee: Unarmed           |    81 |    75 ||   156
       Constrict         |    21 |    20 ||    41
       Tentacles         |    12 |    12 ||    24
       Kick              |     5 |     2 ||     7
       Punch             |     2 |     1 ||     3
 Cast: Beastly Appendage |     6 |     2 ||     8
       Sticks to Snakes  |       |     4 ||     4
  Use: Potion            |     1 |       ||     1
 Stab: Sleeping          |     2 |     7 ||     9
       Distracted        |       |     1 ||     1
  Eat: Chunk             |     3 |     5 ||     8
       Beef jerky        |       |     1 ||     1
Armor: Skin              |    10 |     5 ||    15
Dodge: Dodged            |    50 |    30 ||    80
